 Dungeon Crawl Stone Soup version 0.31.0-11-ge490571c62 (webtiles) character file.

Game seed: 11150911842783757839

20 qw the Shooter (level 2, 0/16 HPs)
             Began as a Deep Elf Hunter on Feb 4, 2024.
             Slain by an adder (2 damage)
             ... on level 2 of the Dungeon.
             The game lasted 00:00:03 (1124 turns).

qw the Shooter (Deep Elf Hunter)                    Turns: 1124, Time: 00:00:03

Health: 0/16       AC:  5    Str:  8    XL:     2   Next: 58%
Magic:  4/4        EV: 10    Int: 13    God:
Gold:   69         SH:  0    Dex: 18    Spells: 1/1 levels left

rFire   . . .        a - +0 shortbow
rCold   . . .        (shield currently unavailable)
rNeg    . . .        e - +0 ring mail
rPois   .            (no helmet)
rElec   .            (no cloak)
rCorr   .            (no gloves)
SInv    .            (no boots)
Will    .....        (no amulet)
Stlth   +            (no ring)
HPRegen 0.22/turn    (no ring)
MPRegen 0.09/turn

%: no passive effects
@: lethally poisoned (0 -> -1)
A: no striking features
a: no special abilities


You were on level 2 of the Dungeon.
You visited 1 branch of the dungeon, and saw 2 of its levels.

You collected 69 gold pieces.


   Skills:
 - Level 1.5 Fighting
 + Level 6.3 Ranged Weapons
 - Level 2.4 Dodging
 - Level 1.2 Stealth


You had one spell level left.
You didn't know any spells.
Your spell library was empty.

Inventory:

Hand Weapons
 a - a +0 shortbow (weapon)
Armour
 e - a +0 ring mail (worn)
Jewellery
 k - a ring of fire
Scrolls
 b - a scroll of identify {unknown}
Potions
 d - a potion of attraction {unknown}
 h - a potion of berserk rage {unknown}
 i - a potion of curing
 l - a potion of degeneration {unknown}

Dungeon Overview and Level Annotations

Branches:
Dungeon (2/15)

Altars:


Message History

A hobgoblin comes into view.
You see here a scroll labelled TALYAC JIZEIP.
You shoot an arrow. The arrow hits the hobgoblin!
You kill the hobgoblin!
b - a scroll labelled TALYAC JIZEIP An adder comes into view.
The adder hisses angrily.
The adder moves out of view.
A rat comes into view.
The rat squeaks loudly.
The rat moves out of view.
An adder and a gnoll come into view.
You see here a scroll labelled TALYAC JIZEIP.
You shoot an arrow. The arrow barely misses the adder.
You shoot an arrow. The arrow closely misses the adder.
The adder bites you.
You are poisoned.
The adder poisons you!
You shoot an arrow. The arrow hits the adder.
The adder is moderately wounded.
You feel very sick. The adder barely misses you.
A quokka comes into view.
An endoplasm comes into view.
The adder bites you.
You shoot an arrow. The arrow closely misses the adder.
The endoplasm quivers.
You feel sick.
The gnoll shouts!
You hear a shout!
You hear an angry hiss.
The adder barely misses you. The rat bites you. The rat barely misses you.
The adder bites you but does no damage.
You shoot an arrow. The arrow barely misses the adder.
The arrow hits the endoplasm.
The endoplasm is almost dead.
You feel sick. The adder closely misses you. The rat bites you.
You shoot an arrow. The arrow hits the adder.
The adder is severely wounded.
You feel sick. The adder bites you.
A kobold comes into view. It is wielding a +0 whip.
The rat barely misses you. The adder bites you.
You die...

####.. ............ ###
#..... #..# ....... ....
... ##..# #...... #.#.
#%##...###...... .##...
#...............
......####J..#..##.<....
.............#..........
....#rrS###............
# #.@.# ###.###...###
##....# #.# ##.....
#.....##.. ......
..g......## ##.###
####....... .. ....#.#
... #..##.# ... K..


You could see a gnoll, an adder, an endoplasm, a quokka, a kobold (wandering)
and a rat.

Vanquished Creatures
  A bat (D:1)
  An endoplasm (D:1)
  2 giant cockroaches (D:1)
  5 goblins (D:1)
  A hobgoblin (D:2)
  A quokka (D:1)
  3 ball pythons
  3 frilled lizards (D:1)
  A rat (D:1)
18 creatures vanquished.

Notes
Turn   | Place    | Note
-------+----------+-------------------------------------------
     0 | D:1      | qw the Deep Elf Hunter began the quest for the Orb.
     0 | D:1      | Reached XP level 1. HP: 12/12 MP: 3/3
     0 | D:1      | 0 ||| qw: Version: 0.3-a-160-g5e54788
     0 | D:1      | 0 ||| qw: Game counter: 4295
     0 | D:1      | 0 ||| qw: Melee chars always use a shield: true
     0 | D:1      | 0 ||| qw: God list: Okawaru
     0 | D:1      | 0 ||| qw: Allow faded altars: false
     0 | D:1      | 0 ||| qw: Do Orc after clearing Dungeon:15 true
     0 | D:1      | 0 ||| qw: Do second Lair branch before Depths: true
     0 | D:1      | 0 ||| qw: Lair rune preference: random
     0 | D:1      | 0 ||| qw: Goals: Normal
     0 | D:1      | 0 ||| PLANNING D:1-11
   224 | D:1      | Reached skill level 6 in Ranged Weapons
   224 | D:1      | Reached XP level 2. HP: 16/16 MP: 4/4
   944 | D:1      | 944 ||| UPGRADING to +0 ring mail.
   954 | D:1      | 954 ||| DROPPING +0 leather armour.
   955 | D:1      | 955 ||| READING scroll labelled CUEM WO EMY.
   958 | D:1      | 958 ||| READING scroll labelled KUAM YMEGIRA.
   959 | D:1      | 959 ||| READING 3 scrolls labelled BARETO GEBUOF.
  1060 | D:1      | 1060 ||| READING scroll labelled YSSYG UNOPROS.
  1061 | D:1      | 1061 ||| DRINKING 2 fuming dark potions.
  1089 | D:1      | 1089 ||| DRINKING 2 bubbling pink potions.
  1090 | D:1      | 1090 ||| DROPPING scroll of butterflies.
  1091 | D:1      | 1091 ||| DROPPING potion of lignification.
  1092 | D:1      | 1092 ||| DROPPING 2 scrolls of vulnerability.
  1124 | D:2      | HP: 2/16 [adder (3)]
  1124 | D:2      | Slain by an adder

Levels and vault maps discovered:
D:1:      dpeg_arrival_chambers_temple_mockup, layout_basic
D:2:      layout_rooms, minmay_pentomino_t2

Skill      XL: |  1 |
---------------+----+-----
Ranged Weapons | 6 |  6.3
Fighting       | |  1.5
Dodging        | |  2.4
Stealth        | |  1.2

Action                     || total
---------------------------++-------
   Fire: Shortbow          ||    35
    Use: Scroll            ||     4
         Potion            ||     2
 Armour: Leather armour    ||     2
         Ring mail         ||     7
  Dodge: Dodged            ||     9

Table legend:
 A = Non-vault XP
 B = Vault XP
 C = Vault XP percentage of total XP
 D = Non-vault monster count
 E = Vault monster count
 F = Vault count percentage of total count
                 A         B        C        D         E       F
            +---------+---------+-------+---------+---------+-------
      Total |      29 |       0 |   0.0 |      18 |       0 |   0.0
            +---------+---------+-------+---------+---------+-------
        D:1 |      26 |       0 |   0.0 |      16 |       0 |   0.0
        D:2 |       3 |       0 |   0.0 |       2 |       0 |   0.0
            +---------+---------+-------+---------+---------+-------
